 Dungeon Crawl Stone Soup version 0.22-a0-875-gebc8d61 (webtiles) character file.

339 Arexsocan the Shield-Bearer (level 6, -8/38 HPs)
             Began as a Gargoyle Fighter on July 28, 2018.
             Mangled by an iguana (9 damage)
             ... on level 3 of the Dungeon.
             The game lasted 00:13:05 (2445 turns).

Arexsocan the Shield-Bearer (Gargoyle Fighter)      Turns: 2445, Time: 00:13:05

Health: -8/38      AC: 11    Str: 22    XL:     6   Next: 55%
Magic:  6/6        EV:  8    Int:  8    God:
Gold:   182        SH:  9    Dex:  9    Spells: 5/5 levels left

rFire    . . .     SeeInvis .   a - +0 flail
rCold    . . .     Gourm    .   c - +0 shield
rNeg     + . .     Faith    .   b - +0 scale mail
rPois    ∞         Spirit   .   (no helmet)
rElec    +         Reflect  .   (no cloak)
rCorr    .         Harm     .   (no gloves)
MR       .....                  (no boots)
Stlth    ..........             (no amulet)
HPRegen  0.12/turn              (no ring)
MPRegen  0.10/turn              (no ring)

@: no status effects
A: negative energy resistance 1, electricity resistance, unbreathing,
petrification resistance, rot immunity, AC +4
a: no special abilities


You were on level 3 of the Dungeon.
You were hungry.

You visited 1 branch of the dungeon, and saw 4 of its levels.
You also visited: Sewer.

You collected 182 gold pieces.

Inventory:

Hand Weapons
 a - a +0 flail (weapon)
Armour
 b - a +0 scale mail (worn)
 c - a +0 shield (worn)
Jewellery
 g - an uncursed ring of wizardry {unknown}
 j - a cursed amulet of faith {unknown}
 k - an uncursed ring of wizardry {unknown}
Scrolls
 e - 3 scrolls of identify {unknown}
 o - a scroll of enchant weapon {unknown}
 p - 2 scrolls of blinking {unknown}
 r - a scroll of magic mapping {unknown}
Potions
 d - a potion of might
 h - 3 potions of ambrosia {unknown}
 i - a potion of mutation {unknown}
 l - 2 potions of haste {unknown}
 m - 4 potions of curing {unknown}
 n - a potion of heal wounds {unknown}
 q - a potion of berserk rage {unknown}
Comestibles
 f - 6 rations
 s - a chunk of flesh


   Skills:
 + Level 3.9 Fighting
 + Level 4.5 Maces & Flails
 + Level 4.3 Armour
 + Level 1.5 Dodging
 + Level 4.5 Shields


You had 5 spell levels left.
You didn't know any spells.
Your spell library was empty.

Dungeon Overview and Level Annotations

Branches:
Dungeon (4/15)
 Temple: D:4-7

Altars:
Zin


Innate Abilities, Weirdness & Mutations

You are resistant to torment.
Your stone body is resilient. (AC +4)
You are immune to poison.
You resist negative energy. (rN+)
You are resistant to electric shocks. (rElec)
You can survive without breathing.
You are immune to petrification.
You are immune to rotting.


Message History

You barely miss the iguana. You block the iguana's attack.
You closely miss the iguana. You block the iguana's attack.
You barely miss the iguana. The iguana bites you.
You closely miss the iguana. The iguana bites you!
* * * LOW HITPOINT WARNING * * *
You hit the iguana.
The iguana is moderately wounded.
The iguana bites you but does no damage.
The iguana closely misses you.
You sock the iguana!
The iguana is severely wounded.
You block the iguana's attack.
Your scale mail prevents you from hitting the iguana.
The iguana is severely wounded.
The iguana bites you!
* * * LOW HITPOINT WARNING * * *
You closely miss the iguana.
The iguana is severely wounded.
The iguana bites you!
You die...

# #...# #.##'###.##.###.### #
#...# #........##.....# #
#...####........########## #
#####...##......#...# #.....#
####............#..#.#.####.....#
.........)[[....#..#.#..........#
####.......>.o)##......####.....#
# ####.....#.####.#.#### #.....#
# #.....#ool@.......# ####### #
#.....#####.##.##.# # #.....#
#.#..##.######### # ####.....##
##.#.#.......(†.). # #.........#
#........#####..## # #.###...#.#
#.##.#..## #....
####.###...#.###.##.#..######..#.
##............##.##..............
#.#.##.......##.####..######..##


You could see an iguana and 2 orcs.

Vanquished Creatures
  A crocodile (Sewer)
  A scorpion (D:3)
  A crimson imp (D:3)
  An orc priest (D:4)
  An orc wizard (D:3)
  3 adders
  A gnoll (D:1)
  2 river rats (D:3)
  An ooze (D:3)
  2 worms
  A dart slug (D:1)
  2 leopard geckos
  An orc (D:3)
  6 giant cockroaches
  A goblin (D:3)
  6 hobgoblins
  11 jackals
  A quokka (D:2)
  A ball python (D:1)
  8 bats
  2 frilled lizards
  5 kobolds
  5 rats
64 creatures vanquished.

Notes
Turn   | Place    | Note
-------+----------+-------------------------------------------
     0 | D:1      | Arexsocan the Gargoyle Fighter began the quest for the Orb.
     0 | D:1      | Reached XP level 1. HP: 14/14 MP: 1/1
    78 | D:1      | Reached XP level 2. HP: 19/19 MP: 2/2
   489 | D:1      | Reached XP level 3. HP: 23/23 MP: 3/3
   928 | D:2      | Reached XP level 4. HP: 26/29 MP: 4/4
   958 | D:2      | Found a glowing silver altar of Zin.
  1329 | D:3      | Found a glowing drain.
  1387 | Sewer    | Entered a sewer
  1640 | Sewer    | Noticed a crocodile
  1651 | Sewer    | Killed a crocodile
  1651 | Sewer    | Reached XP level 5. HP: 16/33 MP: 5/5
  2059 | D:3      | Reached skill level 1 in Dodging
  2059 | D:3      | Reached XP level 6. HP: 27/38 MP: 6/6
  2444 | D:3      | HP: 1/38 [iguana (8)]
  2445 | D:3      | Mangled by an iguana

Vault maps used:
D:1:      onia_arrival_larder
D:2:      zin_statuary, first_ration
D:3:      portal_sewer_entry_c
D:4:      enter_ossuary_5, serial_bayou, serial_bayou_pond_c,
          serial_bayou_pond_b, serial_bayou_lagoon_a, serial_bayou_lagoon_b,
          serial_bayou_pond_e, uniq_blork_the_orc, uniq_crazy_yiuf_cottage
Sewer:    sewer_big_baddie

Skill      XL: |  1  2  3  4  5 |
---------------+----------------+-----
Armour         | 4 |  4.3
Maces & Flails | 3 4 |  4.5
Shields        | 4 |  4.5
Dodging        | 1 |  1.5
Fighting       | |  3.9

Action                   |  1- 3 |  4- 6 || total
-------------------------+-------+-------++-------
Melee: Flail             |    89 |   195 ||   284
  Eat: Chunk             |       |     5 ||     5
Armor: Scale mail        |    50 |   131 ||   181
Dodge: Dodged            |    26 |    64 ||    90
Block: Shield            |    41 |   159 ||   200

Table legend:
 A = Spawn XP
 B = Non-spawn XP
 C = Spawn XP percentage of total XP
 D = Spawn monster count
 E = Non-spawn monster count
 F = Spawn count percentage of total count
 G = Total turns spent on level
                    A         B        C        D         E        F      G
               +---------+---------+-------+---------+---------+-------+---------
         Total |       0 |     485 |   0.0 |       0 |      64 |   0.0 |  2445
               +---------+---------+-------+---------+---------+-------+---------
           D:1 |       0 |      56 |   0.0 |       0 |      23 |   0.0 |   745
           D:2 |       0 |      50 |   0.0 |       0 |      15 |   0.0 |   560
           D:3 |       0 |     228 |   0.0 |       0 |      19 |   0.0 |   670
           D:4 |       0 |      44 |   0.0 |       0 |       1 |   0.0 |    13
         Sewer |       0 |     107 |   0.0 |       0 |       6 |   0.0 |   457
               +---------+---------+-------+---------+---------+-------+---------
